 Dungeon Crawl Stone Soup version 0.30.1-11-g7821555f0a (webtiles) character file.

Game seed: 17866683507655948764

511 lonewolfV2 the Chopper (level 7, -1/57 HPs)
             Began as a Formicid Fighter on Dec 8, 2023.
             Slain by Pikel
             ... wielding a +2 whip of flaming
              (3 damage)
             ... on level 5 of the Dungeon.
             The game lasted 00:06:23 (2206 turns).

lonewolfV2 the Chopper (Formicid Fighter)           Turns: 2206, Time: 00:06:24

Health: -1/57      AC:  6    Str: 21    XL:     7   Next: 43%
Magic:  7/7        EV:  8    Int:  7    God:
Gold:   90         SH: 10    Dex: 21    Spells: 6/6 levels left

rFire   . . .        a - +0 war axe
rCold   . . .        g - +0 kite shield
rNeg    . . .        b - +0 scale mail
rPois   .            (helmet unavailable)
rElec   .            (no cloak)
rCorr   .            (no gloves)
SInv    +            (no boots)
Will    .....        m - amulet of regeneration Stlth
                     f - +6 ring of dexterity
HPRegen 1.09/turn    (no ring)
MPRegen 0.10/turn

%: no passive effects
@: no status effects
A: permanent stasis, dig shafts and tunnels, antennae 3, four strong arms
a: Dig, Shaft Self


You were on level 5 of the Dungeon.
You visited 1 branch of the dungeon, and saw 4 of its levels.

You collected 90 gold pieces.

Inventory:

Hand Weapons
 a - a +0 war axe (weapon)
Armour
 b - a +0 scale mail (worn)
 g - a +0 kite shield (worn)
Jewellery
 f - a +6 ring of dexterity (left hand)
 m - an amulet of regeneration (around neck)
Wands
 i - a wand of quicksilver (6)
Scrolls
 l - a scroll of acquirement {unknown}
 n - 3 scrolls of identify
 o - 2 scrolls of fear
 p - a scroll of blinking {unknown}
 r - a scroll of fog {unknown}
 s - a scroll of teleportation {unknown}
 t - 2 scrolls of poison {unknown}
 u - a scroll of immolation {unknown}
Potions
 c - a potion of flight
 d - 2 potions of might
 e - 4 potions of heal wounds
 h - 2 potions of lignification
 j - 4 potions of curing
 k - a potion of magic
 q - a potion of mutation {unknown}
 v - a potion of haste {unknown}


   Skills:
 + Level 5.8 Fighting
 + Level 6.2 Axes
 - Level 3.2 Armour
 - Level 4.0 Shields


You had 6 spell levels left.
You didn't know any spells.
Your spell library contained the following spells:

 Spells                   Type           Power      Damage    Failure   Level
 Sandblast                Erth           0%         2d4       96%         1
 Slow                     Hex            0%         N/A       96%         1
 Passwall                 Tmut/Erth      0%         N/A       99%         2
 Poisonous Vapours        Pois/Air       0%         N/A       99%         2
 Confusing Touch          Hex            0%         N/A       100%        3
 Mephitic Cloud           Conj/Pois/Air  0%         N/A       100%        3
 Stone Arrow              Conj/Erth      0%         3d7       100%        3
 Vampiric Draining        Necr           0%         2d6       100%        3
 Freezing Cloud           Conj/Ice/Air   0%         6-21      100%        5


Dungeon Overview and Level Annotations

Branches:
Dungeon (3/15)

Altars:
Fedhas
Zin

Annotations:
D:5 Pikel


Innate Abilities, Weirdness & Mutations

You cannot be hasted, slowed, berserked, paralysed or teleported.
You can dig through walls and to a lower floor.
You have a pair of large antennae on your head. (SInv)
Your four strong arms can wield two-handed weapons with a shield.


Message History

You hit Pikel but do no damage.
Pikel hits you with a +2 whip of flaming!
Pikel burns you.
You slash Pikel!
Pikel is moderately wounded.
Pikel hits you with a +2 whip of flaming!
Pikel burns you.
A lemure comes into view.
You block Pikel's attack.
The lemure moves out of view.
You hit Pikel but do no damage.
Pikel is moderately wounded.
Pikel hits you with a +2 whip of flaming.
Pikel burns you.
You closely miss Pikel.
Pikel is moderately wounded.
A jackal comes into view.
Pikel hits you with a +2 whip of flaming.
Pikel burns you.
The jackal barks!
You slash Pikel!
Pikel is severely wounded.
Pikel hits you with a +2 whip of flaming.
Pikel burns you. You block Pikel's attack.
A jackal comes into view.
You barely miss Pikel.
Pikel is severely wounded.
Pikel hits you with a +2 whip of flaming!
Pikel burns you.
You closely miss Pikel.
Pikel is severely wounded.
Pikel hits you with a +2 whip of flaming!
* * * LOW HITPOINT WARNING * * *
Pikel burns you.
* * * LOW HITPOINT WARNING * * *
You barely miss Pikel.
Pikel is severely wounded.
Pikel hits you with a +2 whip of flaming!
* * * LOW HITPOINT WARNING * * *
Pikel burns you.
You die...

#.# ###.# #...#
#.### #.# ## ##
#.# #.###.# #.#
#.#.####.#
#.h5K@..#
..#####h5######
.....$...#
>.#####..# #..#
#..{ ##.## #.#
#.#


You could see Pikel, 2 lemures and 2 jackals.

Vanquished Creatures
  An ogre (D:5)
  A lemure (D:5)
  A phantom (D:5)
  2 scorpions (D:5)
  An orc priest (D:5)
  Jessica (D:2)
  Terence (D:3)
  An iguana (D:5)
  4 adders
  A worm (D:2)
  2 dart slugs
  10 orcs
  7 endoplasms
  10 giant cockroaches (D:2)
  4 goblins
  7 hobgoblins
  6 jackals (D:1)
  A kobold (D:1)
  2 quokkas
  4 ball pythons
  4 bats
  2 frilled lizards
  3 rats (D:1)
76 creatures vanquished.

Notes
Turn   | Place    | Note
-------+----------+-------------------------------------------
     0 | D:1      | lonewolfV2 the Formicid Fighter began the quest for the
                  | Orb.
     0 | D:1      | Reached XP level 1. HP: 18/18 MP: 1/1
     6 | D:1      | Noticed a swamp worm
     6 | D:1      | Noticed a rime drake
     6 | D:1      | Noticed a killer bee
     7 | D:1      | Noticed a hound
     7 | D:1      | Noticed a salamander
    25 | D:1      | Reached XP level 2. HP: 7/24 MP: 2/2
   256 | D:1      | Reached XP level 3. HP: 30/30 MP: 3/3
   319 | D:1      | Reached skill level 3 in Axes
   914 | D:2      | Reached XP level 4. HP: 33/37 MP: 4/4
  1155 | D:2      | Noticed Jessica
  1160 | D:2      | Killed Jessica
  1314 | D:3      | Reached skill level 4 in Axes
  1358 | D:3      | Reached XP level 5. HP: 42/42 MP: 5/5
  1446 | D:3      | Found a blossoming altar of Fedhas.
  1609 | D:3      | Noticed Terence
  1622 | D:3      | Killed Terence
  1905 | D:3      | You fall into a shaft and drop 2 floors!
  1905 | D:5      | Entered Level 5 of the Dungeon
  1920 | D:5      | Noticed a phantom
  1936 | D:5      | Killed a phantom
  1937 | D:5      | Reached skill level 5 in Axes
  1937 | D:5      | Reached XP level 6. HP: 35/50 MP: 6/6
  1964 | D:5      | Reached skill level 5 in Fighting
  1969 | D:5      | Found a glowing silver altar of Zin.
  2063 | D:5      | Reached XP level 7. HP: 56/56 MP: 7/7
  2169 | D:5      | Reached skill level 6 in Axes
  2187 | D:5      | Noticed Pikel
  2206 | D:5      | HP: 2/57 [Pikel/+2 whip of flaming (11)]
  2206 | D:5      | Slain by Pikel

Illustrated notes

Levels and vault maps discovered:
D:1:      onia_arrival_zoo_common, layout_basic, minmay_cupped
D:2:      minmay_roachtagon, layout_basic, uniq_jessica
D:3:      layout_basic, fedhas_altar_fruit_tree, uniq_terence
D:5:      layout_loops_ring, lemuel_tele_altar, uniq_pikel

Skill      XL: |  1  2  3  4  5  6  7 |
---------------+----------------------+-----
Axes           | 3 4 5 6 |  6.2
Fighting       | 4 5 |  5.8
Armour         | |  3.2
Shields        | |  4.0

Action                     |  1- 3 |  4- 6 |  7- 9 || total
---------------------------+-------+-------+-------++-------
  Melee: War axe           |    85 |    77 |    35 ||   197
    Use: Scroll            |     5 |     3 |       ||     8
 Armour: Scale mail        |    54 |    29 |     4 ||    87
  Dodge: Dodged            |    44 |    21 |    11 ||    76
  Block: Buckler           |     7 |       |       ||     7
         Kite shield       |    30 |    55 |    21 ||   106
